 Dungeon Crawl Stone Soup version 0.24.0-125-gc4c63601f3 (webtiles) character file.

Game seed: 2244400883617227814, levelgen mode: deterministic

165 cccccccc the Magician (level 5, 0/32 HPs)
             Began as an Octopode Wizard on Mar 7, 2020.
             Slain by a hound (6 damage)
             ... on level 4 of the Dungeon.
             The game lasted 00:35:12 (2362 turns).

cccccccc the Magician (Octopode Wizard)             Turns: 2362, Time: 00:35:13

Health: 0/32       AC:  1    Str:  6    XL:     5   Next: 46%
Magic:  8/11       EV: 13    Int: 21    God:
Gold:   126        SH:  0    Dex: 11    Spells: 7/12 levels left

rFire    . . .     SeeInvis .   e - +2 mace (protect)
rCold    . . .     Gourm    .   (no shield)
rNeg     + . .     Faith    .   a - +0 hat
rPois    .         Spirit   .   (no amulet)
rElec    .         Reflect  .   f - ring of positive energy
rCorr    .         Harm     .   (no ring)
MR       .....                  (no ring)
Stlth    +++.......             (no ring)
HPRegen  0.10/turn              (no ring)
MPRegen  0.12/turn              (no ring)
                                (no ring)
                                (no ring)

@: no status effects
A: almost no armour, stealthy swim, amphibious, 8 rings, constrict 8, camouflage
1, gelatinous body 1
a: no special abilities


You were on level 4 of the Dungeon.
You were not hungry.

You visited 1 branch of the dungeon, and saw 4 of its levels.

You collected 126 gold pieces.

Inventory:

Hand Weapons
 d - a +4 falchion
 e - a +2 mace of protection (weapon)
Missiles
 i - 8 boomerangs of dispersal (quivered)
 k - a throwing net
Armour
 a - a +0 hat (worn)
Jewellery
 f - a ring of positive energy (left tentacle)
Scrolls
 j - 2 scrolls of identify
 l - a scroll of fear {unknown}
 m - a scroll of remove curse
Potions
 b - a potion of flight {unknown}
 g - 2 potions of resistance
 h - a potion of cancellation {unknown}
Comestibles
 c - 5 rations


   Skills:
 + Level 0.6 Fighting
 + Level 2.1 Maces & Flails
 + Level 2.6 Dodging
 + Level 3.5 Stealth
 + Level 4.1 Spellcasting
 + Level 1.8 Conjurations
 + Level 1.2 Summonings
 + Level 1.0 Translocations


You had 7 spell levels left.
You knew the following spells:

 Your Spells              Type           Power        Failure   Level  Hunger
a - Magic Dart            Conj           ##..         5%          1    None
b - Blink                 Tloc           N/A          12%         2    #......
c - Call Imp              Summ           #.......     11%         2    #......

Your spell library contained the following spells:

 Spells                   Type           Power        Failure   Level  Hunger
 Slow                     Hex            #.......     19%         2    #......
 Conjure Flame            Conj/Fire      #.......     24%         3    ###....
 Mephitic Cloud           Conj/Pois/Air  #.......     28%         3    ###....


Dungeon Overview and Level Annotations

Branches:
Dungeon (4/15)
 Temple: D:4-7

Altars:
Wu Jian

Annotations:
D:3 Grinder, Sigmund


Innate Abilities, Weirdness & Mutations

You cannot wear most types of armour.
You are very stealthy in the water. (Stealth+)
You are amphibious.
You can wear up to eight rings at the same time.
You can use your tentacles to constrict eight enemies at once.
Your skin changes colour to match your surroundings (Stealth+).
Your rubbery body absorbs attacks. (AC +1, EV +1)


Message History

Your crimson imp disappears in a puff of smoke!
The hound pauses to sniff the ground.
Your crimson imp closely misses the iguana.
You see here 14 gold pieces.
The hound bites you. The hound barely misses you. The hound bites you.
* * * LOW HITPOINT WARNING * * *
Your crimson imp hits the iguana but does no damage.
The hound bites you.
* * * LOW HITPOINT WARNING * * *
The hound misses you. The hound barely misses you.
Your crimson imp blinks!
The hound misses you. The hound bites you.
* * * LOW HITPOINT WARNING * * *
There is a stone staircase leading up here.
The hound bites you.
You die...

.........?....####
..............#
...........?..#
......>.......#
..............#
...%.....l...!#
##+#....O.....#
#....h.....#
#....@...[.#
#..........#
#..........'.
#..........#.
#..........#
#..........#
#.......(..#
#..........#


You could see an ogre, an iguana and a hound.

Vanquished Creatures
  A bullfrog zombie (D:2)
  4 gnolls (D:3)
  2 oozes
  A worm (D:2)
  2 dart slugs (D:1)
  3 leopard geckos
  2 orcs (D:3)
  4 bats
  4 giant cockroaches
  4 goblins
  8 hobgoblins
  3 jackals (D:3)
  A quokka (D:2)
  A ball python (D:3)
  2 frilled lizards
  10 kobolds
  6 rats
58 creatures vanquished.

Vanquished Creatures (collateral kills)
  A crimson imp (D:2)
  A rat (D:2)
2 creatures vanquished.

Grand Total: 60 creatures vanquished

Notes
Turn   | Place    | Note
-------+----------+-------------------------------------------
     0 | D:1      | cccccccc the Octopode Wizard began the quest for the Orb.
     0 | D:1      | Reached XP level 1. HP: 11/11 MP: 4/4
   196 | D:1      | Reached XP level 2. HP: 17/17 MP: 1/6
   467 | D:1      | Reached XP level 3. HP: 18/21 MP: 4/8
   951 | D:1      | Learned a level 2 spell: Blink
   954 | D:1      | Learned a level 2 spell: Call Imp
  1017 | D:2      | Found an ornate altar of the Wu Jian Council.
  1184 | D:2      | Reached XP level 4. HP: 27/27 MP: 3/9
  1519 | D:2      | Reached skill level 1 in Maces & Flails
  1519 | D:2      | Reached skill level 4 in Spellcasting
  1855 | D:3      | Reached XP level 5. HP: 32/32 MP: 4/11
  2212 | D:3      | Noticed Grinder
  2261 | D:3      | Noticed Sigmund
  2314 | D:4      | Noticed an ogre
  2362 | D:4      | Slain by a hound

Levels and vault maps discovered:
D:1:      wander_arrival_estate, layout_basic, nrook_campfire
D:2:      layout_loops_ring, overflow_temple_1_default, first_ration
D:3:      layout_basic, uniq_grinder, uniq_sigmund
D:4:      layout_gridville, grunt_temple_overflow_growth_and_decay,
          grunt_decor_arrowhead

Skill      XL: |  1  2  3  4  5 |
---------------+----------------+-----
Stealth        | 3 |  3.5
Maces & Flails | 1 2 |  2.1
Spellcasting   | 4 |  4.1
Fighting       | |  0.6
Dodging        | |  2.6
Conjurations   | |  1.8
Summonings     | |  1.2
Translocations | |  1.0

Action                   |  1- 3 |  4- 6 || total
-------------------------+-------+-------++-------
Melee: Unarmed           |     8 |       ||     8
       Constrict         |     7 |    10 ||    17
       Mace              |    35 |    52 ||    87
       Tentacles         |     2 |     4 ||     6
 Cast: Magic Dart        |    48 |    27 ||    75
       Call Imp          |     6 |     3 ||     9
       Blink             |       |     2 ||     2
  Use: Scroll            |     3 |     2 ||     5
 Stab: Sleeping          |     1 |     8 ||     9
  Eat: Ration            |       |     2 ||     2
Armor: Skin              |     7 |    19 ||    26
Dodge: Dodged            |    35 |    47 ||    82
